 Dungeon Crawl Stone Soup version 0.31.0-32-g396128a36d (webtiles) character file.

Game seed: 15900851616127752396

380 monsoonserge the Ruffian (level 6, 0/70 HPs)
             Began as a Gnoll Shapeshifter on Apr 4, 2024.
             Slain by a gnoll
             ... wielding a +1 spear of freezing
              (4 damage)
             ... on level 4 of the Dungeon.
             The game lasted 00:07:11 (2075 turns).

monsoonserge the Ruffian (Gnoll Shapeshifter)       Turns: 2075, Time: 00:07:11

Health: 0/70       AC: 23    Str: 15    XL:     6   Next: 75%
Magic:  18/18      EV:  2    Int:  9    God:
Gold:   145        SH:  0    Dex: 12    Spells: 9/9 levels left

rFire   . .          .
                       - Unarmed
rCold   . . .        (no shield)
rNeg    . . .        j - melded +0 ring mail
rPois   +            y - melded +1 hat
rElec   .            (cloak currently unavailable)
rCorr   .            (gloves currently unavailable)
SInv    .            (boots currently unavailable)
Will    .....        (no amulet)
Stlth   ++           p - ring of poison resistance
HPRegen 0.31/turn    s - ring of magical power
MPRegen 0.16/turn

%: no passive effects
@: tree-form, attractive
A: stationary, stasis, torment immunity, boosted hp, (fangs 1), strong nose,
distributed training
a: no special abilities


You were on level 4 of the Dungeon.
You were a tree.
You visited 1 branch of the dungeon, and saw 4 of its levels.

You collected 145 gold pieces.

Inventory:

Missiles
 f - 8 javelins
 n - 3 poisoned darts (quivered)
Armour
 a - a +0 animal skin
 j - a +0 ring mail (melded)
 u - a +0 scale mail
 y - a +1 hat (melded)
Magical Staves
 x - a staff of conjuration
Jewellery
 i - a ring of ice
 p - a ring of poison resistance (left branch)
 s - a ring of magical power (right branch)
 v - a +6 ring of intelligence
Talismans
 c - a beast talisman (active)
 d - a flux talisman
Scrolls
 g - 4 scrolls of blinking {unknown}
 h - 3 scrolls of teleportation {unknown}
 k - 2 scrolls of identify {unknown}
 l - a scroll of revelation {unknown}
 o - a scroll of fog {unknown}
 q - 2 scrolls of immolation {unknown}
 r - a scroll of enchant armour {unknown}
 w - a scroll of vulnerability {unknown}
Potions
 m - a potion of heal wounds {unknown}
 t - a potion of ambrosia {unknown}


   Skills:
 + Level 3.4 Fighting
 + Level 2.2 Short Blades
 + Level 2.2 Long Blades
 + Level 2.2 Axes
 + Level 2.2 Maces & Flails
 + Level 2.2 Polearms
 + Level 2.2 Staves
 + Level 2.2 Ranged Weapons
 + Level 2.2 Throwing
 + Level 2.2 Armour
 + Level 5.1 Dodging
 + Level 2.2 Stealth
 + Level 2.2 Shields
 + Level 6.9 Unarmed Combat
 + Level 2.2 Spellcasting
 + Level 1.7 Conjurations
 + Level 1.7 Hexes
 + Level 1.7 Summonings
 + Level 1.7 Necromancy
 + Level 1.7 Translocations
 + Level 1.7 Fire Magic
 + Level 1.7 Ice Magic
 + Level 1.7 Air Magic
 + Level 1.7 Earth Magic
 + Level 1.7 Alchemy
 + Level 2.4 Invocations
 + Level 2.2 Evocations
 + Level 6.8 Shapeshifting


You had 9 spell levels left.
You didn't know any spells.
Your spell library was empty.

Dungeon Overview and Level Annotations

Branches:
Dungeon (4/15)
 Temple: D:4-7

Altars:

Shops:
D:2 =

Annotations:
D:3 2 transporters, middlethird's ghost, amateur VSIE
D:4 Dowan


Innate Abilities, Weirdness & Mutations

You are a tree.
Your roots penetrate the ground, keeping you stationary.
You cannot be teleported.
You are immune to unholy pain and torment.
Your maximum health is greatly increased.
Your equipment is partially melded.
((You have very sharp teeth.))
Your uncanny sense of smell can sniff out nearby items.
Your experience applies equally to all skills.


Message History

Throw: 6 darts (poison)
Press: ? - help, Q - select action, (/) - cycle Shift-Dir - straight line, f - gnoll, p - gnoll
Aim: a gnoll, wielding a +1 spear of freezing and quivering stones (moderately wounded, poisoned, 60% to hit)
You throw a poisoned dart. The poisoned dart hits the gnoll.
The gnoll looks even sicker.
The gnoll is moderately wounded.
The gnoll hits you from afar with a +1 spear of freezing.
* * * LOW HITPOINT WARNING * * *
The gnoll freezes you.
* * * LOW HITPOINT WARNING * * *
The gnoll hits you from afar with a +2 spear of flaming.
* * * LOW HITPOINT WARNING * * *
The gnoll burns you.
* * * LOW HITPOINT WARNING * * *
Throw: 5 darts (poison)
Press: ? - help, Q - select action, (/) - cycle Shift-Dir - straight line, f/p - gnoll
Aim: a gnoll, wielding a +1 spear of freezing and quivering stones (moderately wounded, very poisoned, 60% to hit)
You throw a poisoned dart. The poisoned dart hits the gnoll.
The gnoll looks even sicker.
The gnoll is moderately wounded.
The gnoll hits you but does no damage.
The gnoll hits you from afar with a +2 spear of flaming.
* * * LOW HITPOINT WARNING * * *
The gnoll burns you.
* * * LOW HITPOINT WARNING * * *
Throw: 4 darts (poison)
Press: ? - help, Q - select action, (/) - cycle Shift-Dir - straight line, f/p - gnoll
Aim: a gnoll, wielding a +1 spear of freezing and quivering stones (heavily wounded, very poisoned, 60% to hit)
You throw a poisoned dart.
The poisoned dart closely misses the gnoll.
The gnoll looks more healthy.
The gnoll hits you but does no damage.
The gnoll hits you from afar with a +2 spear of flaming.
* * * LOW HITPOINT WARNING * * *
The gnoll burns you.
* * * LOW HITPOINT WARNING * * *
Unknown command.
It was a potion of attraction.
You feel attractive to monsters.
The gnoll hits you from afar with a +1 spear of freezing.
You die...

..#.# #.#.#
#.#.# #.#.#
#.#.# #.#.#
#.#.## ##....#
#######.♣..#.###
#.......)..#....
.#####gg.......
#.(#####....
#..#.## #...
#.#.#.# #..
#.##.#.# ..
##∆#h# .#. #.#


You could see 2 gnolls.

Vanquished Creatures
  Duvessa (D:4)
  A black bear (D:4)
  2 hounds (D:4)
  A gnoll (D:4)
  4 adders
  2 dart slugs
  A ribbon worm (D:2)
  An orc (D:4)
  7 bats
  4 endoplasms
  2 giant cockroaches
  6 goblins
  10 hobgoblins
  4 jackals (D:1)
  8 kobolds
  3 quokkas
  2 ball pythons
  4 frilled lizards
  8 rats
71 creatures vanquished.

Notes
Turn   | Place    | Note
-------+----------+-------------------------------------------
     0 | D:1      | monsoonserge the Gnoll Shapeshifter began the quest for the
                  | Orb.
     0 | D:1      | Reached XP level 1. HP: 17/17 MP: 1/1
   118 | D:1      | Reached XP level 2. HP: 23/23 MP: 2/2
   373 | D:1      | Reached XP level 3. HP: 14/28 MP: 3/3
   632 | D:2      | Reached skill level 1 in Invocations
   764 | D:2      | Found Ocoem's Jewellery Shoppe.
   769 | D:2      | Reached skill level 1 in Short Blades
   769 | D:2      | Reached skill level 1 in Long Blades
   769 | D:2      | Reached skill level 1 in Axes
   769 | D:2      | Reached skill level 1 in Maces & Flails
   769 | D:2      | Reached skill level 1 in Polearms
   769 | D:2      | Reached skill level 1 in Staves
   769 | D:2      | Reached skill level 1 in Ranged Weapons
   769 | D:2      | Reached skill level 1 in Throwing
   769 | D:2      | Reached skill level 1 in Armour
   769 | D:2      | Reached skill level 1 in Stealth
   769 | D:2      | Reached skill level 1 in Shields
   769 | D:2      | Reached skill level 1 in Spellcasting
   769 | D:2      | Reached skill level 1 in Evocations
  1055 | D:3      | Reached XP level 4. HP: 34/34 MP: 5/5
  1096 | D:3      | Found a transporter.
  1100 | D:3      | Found a transporter.
  1100 | D:3      | Noticed middlethird's ghost (amateur VSIE)
  1102 | D:3      | Noticed a bullfrog
  1191 | D:3      | Reached skill level 1 in Conjurations
  1191 | D:3      | Reached skill level 1 in Hexes
  1191 | D:3      | Reached skill level 1 in Summonings
  1191 | D:3      | Reached skill level 1 in Necromancy
  1191 | D:3      | Reached skill level 1 in Translocations
  1191 | D:3      | Reached skill level 1 in Fire Magic
  1191 | D:3      | Reached skill level 1 in Ice Magic
  1191 | D:3      | Reached skill level 1 in Air Magic
  1191 | D:3      | Reached skill level 1 in Earth Magic
  1191 | D:3      | Reached skill level 1 in Alchemy
  1386 | D:3      | Found a faded altar of an unknown god.
  1754 | D:4      | Reached XP level 5. HP: 40/40 MP: 7/7
  1861 | D:4      | Noticed Duvessa
  1862 | D:4      | Noticed Dowan
  1869 | D:4      | Killed Duvessa
  1870 | D:4      | Reached skill level 5 in Dodging
  1870 | D:4      | Reached XP level 6. HP: 19/47 MP: 8/8
  2042 | D:4      | Noticed a black bear
  2062 | D:4      | Killed a black bear
  2075 | D:4      | Slain by a gnoll

Illustrated notes

Levels and vault maps discovered:
D:1:      giann_horns, layout_basic, chequers_serial_rivers_small_a,
          minmay_distorted
D:2:      layout_rooms, serial_shops, shop_statue, minmay_ruptured
D:3:      layout_loops_ring, ebering_ecumenical_altar_box, gammafunk_ghost_arena
D:4:      layout_loops_ring, yredelemnul_forgotten_temple_becter,
          minmay_circle_x, uniq_duvessa

Skill      XL: |  1  2  3  4  5  6 |
---------------+-------------------+-----
Invocations    | 1 2 |  2.4
Short Blades   | 1 2 |  2.2
Long Blades    | 1 2 |  2.2
Axes           | 1 2 |  2.2
Maces & Flails | 1 2 |  2.2
Polearms       | 1 2 |  2.2
Staves         | 1 2 |  2.2
Ranged Weapons | 1 2 |  2.2
Throwing       | 1 2 |  2.2
Armour         | 1 2 |  2.2
Stealth        | 1 2 |  2.2
Shields        | 1 2 |  2.2
Spellcasting   | 1 2 |  2.2
Evocations     | 1 2 |  2.2
Conjurations   | 1 |  1.7
Hexes          | 1 |  1.7
Summonings     | 1 |  1.7
Necromancy     | 1 |  1.7
Translocations | 1 |  1.7
Fire Magic     | 1 |  1.7
Ice Magic      | 1 |  1.7
Air Magic      | 1 |  1.7
Earth Magic    | 1 |  1.7
Alchemy        | 1 |  1.7
Fighting       | 3 |  3.4
Dodging        | 5 |  5.1
Unarmed Combat | |  6.9
Shapeshifting  | |  6.8

Action                     |  1- 3 |  4- 6 || total
---------------------------+-------+-------++-------
  Melee: Unarmed           |    90 |    50 ||   140
         Bite              |     5 |     1 ||     6
         Punch             |     3 |     3 ||     6
  Throw: Javelin           |     1 |     5 ||     6
         Dart              |       |    10 ||    10
    Use: Potion            |       |     2 ||     2
 Armour: Animal skin       |    23 |       ||    23
         Ring mail         |    23 |    26 ||    49
         Skin              |       |    57 ||    57
  Dodge: Dodged            |    54 |    23 ||    77
   Form: Beast             |     1 |     1 ||     2
         Flux              |     1 |     1 ||     2
